 Dungeon Crawl Stone Soup version 0.30-a0-377-g5cb311bc9f (webtiles) character file.

Game seed: 18324224134492014874

74 innerfire433 the Sneak (level 4, -4/35 HPs)
             Began as a Demonspawn Delver on Nov 27, 2022.
             Slain by a worm (6 damage)
             ... on level 5 of the Dungeon.
             The game lasted 00:00:39 (162 turns).

innerfire433 the Sneak (Demonspawn Delver)           Turns: 162, Time: 00:00:39

Health: -4/35      AC:  3    Str: 14    XL:     4   Next: 9%
Magic:  4/4        EV: 12    Int: 12    God:
Gold:   0          SH:  0    Dex: 14    Spells: 3/3 levels left

rFire   . . .      SeeInvis .    a - +0 falchion
rCold   . . .      Faith    .    (no shield)
rNeg    . . .      Spirit   .    b - +0 leather armour
rPois   .          Reflect  .    (no helmet)
rElec   .          Harm     .    (no cloak)
rCorr   .          Rampage  .    (no gloves)
Will    .....                    (no boots)
Stlth   +++.......               (no amulet)
HPRegen 0.25/turn                (no ring)
MPRegen 0.09/turn                (no ring)

@: no status effects
A: claws 1, demonic magic 1
a: no special abilities


You were on level 5 of the Dungeon.
You visited 1 branch of the dungeon, and saw 1 of its levels.

Inventory:

Hand Weapons
 a - a +0 falchion (weapon)
Armour
 b - a +0 leather armour (worn)
Wands
 g - a wand of digging (3)
Scrolls
 c - a scroll of fog
 d - a scroll of magic mapping
 e - a scroll of fear
Potions
 f - a potion of haste


   Skills:
 + Level 3.5 Fighting
 * Level 2.7 Long Blades
 + Level 2.4 Dodging
 - Level 4.7 Stealth


You had 3 spell levels left.
You didn't know any spells.
Your spell library was empty.

Dungeon Overview and Level Annotations

Branches:
Dungeon (5/15)
 Temple: D:4-7

Altars:


Innate Abilities, Weirdness & Mutations

You have sharp fingernails.
Spells you cast may paralyse adjacent enemies.


Message History

The hound closely misses you. The hound bites you.
* * * LOW HITPOINT WARNING * * *
You miss the hound.
The hound is severely wounded.
The hound bites you.
* * * LOW HITPOINT WARNING * * *
The hound barely misses you.
You hit the hound.
You kill the hound!
You have reached level 4!
You feel clever.
Your demonic ancestry asserts itself...
A menacing aura infuses your magic.
You hit the worm but do no damage. The worm closely misses you.
Okay, then.
You hit the worm.
The worm is lightly wounded.
You barely miss the worm.
The worm is lightly wounded.
The worm misses you.
You barely miss the worm.
The worm is lightly wounded.
The worm closely misses you.
You hit the worm. You claw the worm.
The worm is moderately wounded.
You hit the worm.
The worm is moderately wounded.
The worm barely misses you.
You hit the worm.
The worm is heavily wounded.
The worm barely misses you.
You hit the worm.
The worm is severely wounded.
You barely miss the worm.
The worm is severely wounded.
The worm bites you!
* * * LOW HITPOINT WARNING * * *
You hit the worm.
The worm is almost dead.
The worm bites you.
You die...

#..........##+#
.#########...........#.#
........##.........#...#
........##.........##..##
....!...##.........##...#
.[......##.........#....#
........##.........#....###
........##.#########.......
........'w@# ##....##
........#### #......
........# ####... ........#
#... ......... #...
......... #### .........
..........


You could see a worm.

Vanquished Creatures
  A hound (D:5)
  A jelly (D:5)
  A white imp (D:5)
  An ufetubus (D:5)
4 creatures vanquished.

Notes
Turn   | Place    | Note
-------+----------+-------------------------------------------
     0 | D:5      | innerfire433 the Demonspawn Delver began the quest for the
                  | Orb.
     0 | D:5      | Reached XP level 1. HP: 18/18 MP: 1/1
    11 | D:5      | Noticed a jelly
    22 | D:5      | Killed a jelly
    23 | D:5      | Gained mutation: You have sharp fingernails. [demonic
                  | ancestry]
    23 | D:5      | Reached XP level 2. HP: 14/24 MP: 2/2
    23 | D:5      | Reached XP level 3. HP: 16/29 MP: 3/3
   153 | D:5      | Gained mutation: Spells you cast may paralyse adjacent
                  | enemies. [demonic ancestry]
   153 | D:5      | Reached XP level 4. HP: 7/35 MP: 4/4
   162 | D:5      | Slain by a worm

Illustrated notes

Levels and vault maps discovered:
D:5:      layout_basic, gup_sewer_entry_bubbles, sigmund_army

Skill      XL: |  1 |
---------------+----+-----
Long Blades    | 2 |  2.7
Dodging        | 2 |  2.4
Fighting       | |  3.5
Stealth        | |  4.7

Action                   |  1- 3 |  4- 6 || total
-------------------------+-------+-------++-------
Melee: Falchion          |    27 |    10 ||    37
       Punch             |     1 |     1 ||     2
 Stab: Sleeping          |     1 |       ||     1
Armor: Leather armour    |    10 |       ||    10
Dodge: Dodged            |    24 |     5 ||    29

Table legend: (Time is in decaauts)
 A = Elapsed time spent in this place.
 B = Non-inter-level travel time spent in this place.
 C = Inter-level travel time spent in this place.
 D = Time resting spent in this place.
 E = Time spent auto-exploring this place.
 F = Levels seen in this place.
 G = Mean time per level.
                   A        B        C        D        E       F      G
               +--------+--------+--------+--------+--------+-----+--------+
         Total |    168 |    168 |      0 |      0 |    109 |   1 |  168.0 |
       Dungeon |    168 |    168 |      0 |      0 |    109 |   1 |  168.0 |
               +--------+--------+--------+--------+--------+-----+--------+

Top non-repeatable levels by time:
     D:5: 168 daAuts
